 Dungeon Crawl Stone Soup version 0.32-a0-961-gd60f5e5fc7 (webtiles) character file.

Game seed: 13716147902790889143

1397 ezpacito the Trooper (level 8, -2/61 HPs)
             Began as a Coglin Chaos Knight on Apr 18, 2024.
             Was a Plaything of Xom.
             Slain by an iguana (15 damage)
             ... on level 5 of the Dungeon.
             The game lasted 00:04:11 (3746 turns).

ezpacito the Trooper (Coglin Chaos Knight)          Turns: 3746, Time: 00:04:12

Health: -2/61      AC: 18    Str: 14    XL:     8   Next: 69%
Magic:  10/11      EV:  7    Int: 12    God:    Xom [.....*]
Gold:   225        SH:  0    Dex: 14    Spells: 11/11 levels left

rFire   . . .        a - +0 hand axe (chaos) {Ekveer}
rCold   . . .        x - +4 mace (protect) {Suchat}
rNeg    . . .        y - +1 chain mail {rPois}
rPois   +            (no helmet)
rElec   .            (no cloak)
rCorr   .            u - +0 pair of gloves
SInv    .            (no boots)
Will    .....        (amulet unavailable) Stlth
                     (ring unavailable)
HPRegen 0.30/turn    (ring unavailable)
MPRegen 0.12/turn    (no gizmo)

%: no passive effects
@: cleaving, under a protective aura, revved
A: off-hand wielding, slow wielding, warmup strikes, no jewellery
a: Invent Gizmo, Renounce Religion


You were on level 5 of the Dungeon.
You worshipped Xom.
You were Xom's teddy bear.
You visited 1 branch of the dungeon, and saw 5 of its levels.

You collected 225 gold pieces.

Inventory:

Hand Weapons
 a - a +0 hand axe of chaos (weapon) {Ekveer}
 v - a +0 sling
 x - a +4 mace of protection (offhand) {Suchat}
Missiles
 e - 2 javelins (quivered)
 p - a boomerang
 s - 6 poisoned darts
Armour
 u - a +0 pair of gloves (worn)
 y - a +1 chain mail of poison resistance (worn)
Talismans
 k - a beast talisman
Wands
 c - a wand of flame (16)
 D - a wand of digging (6)
Scrolls
 f - 2 scrolls of identify {unknown}
 g - a scroll of fear {unknown}
 i - a scroll of immolation {unknown}
 j - a scroll of enchant weapon {unknown}
 m - a scroll of teleportation {unknown}
 n - a scroll of blinking {unknown}
 o - a scroll of amnesia {unknown}
 t - a scroll of enchant armour {unknown}
Potions
 d - a potion of might {unknown}
 h - 2 potions of resistance {unknown}
 l - a potion of brilliance {unknown}
 q - 2 potions of curing
 r - a potion of attraction {unknown}
 w - a potion of degeneration {unknown}


   Skills:
 * Level 4.9 Fighting
 * Level 4.9(5.4) Axes
 * Level 3.1(4.2) Polearms
 + Level 2.1 Ranged Weapons
 + Level 2.1 Throwing
 * Level 3.8 Armour
 * Level 3.4 Dodging
 + Level 2.0 Stealth
 + Level 2.0 Spellcasting
 + Level 1.9 Evocations
 + Level 0.9 Shapeshifting


You had 11 spell levels left.
You didn't know any spells.
Your spell library contained the following spells:

 Spells                   Type           Power      Damage    Failure   Level
 Apportation              Tloc           2%         N/A       99%         1
 Necrotise                Necr           4%         1d4       99%         1
 Sting                    Conj/Alch      4%         1d3       99%         1
 Summon Small Mammal      Summ           4%         N/A       99%         1


Dungeon Overview and Level Annotations

Branches:
Dungeon (5/15)
 Temple: D:4-7

Altars:
Dithmenos
Fedhas
Makhleb
Nemelex Xobeh
Sif Muna
Vehumet
Xom
The Shining One

Shops:
D:1 :

Annotations:
D:5 Fodor's ghost, novice MiFi


Innate Abilities, Weirdness & Mutations

You can wield a second weapon in your off-hand.
It takes a long time for you to wield or remove held weapons.
Your first few attacks do less damage.
You cannot equip rings or amulets.


Message History

The hound bites you but does no damage.
You hit the hound with your +4 mace of protection.
The hound is moderately wounded.
You hit the iguana with your +4 mace of protection.
You closely miss the hound with your +0 hand axe of chaos.
You hit the iguana but do no damage.
The iguana flies into a frenzy!
The hound bites you.
The iguana misses the hound.
The hound bites you but does no damage.
The iguana misses the hound.
You take 1 damage, and have 34/61 hp.
You hit the hound with your +0 hand axe of chaos.
The hound is heavily wounded.
You closely miss the iguana with your +0 hand axe of chaos.
You sock the hound with your +4 mace of protection!
You kill the hound!
You strike the helpless iguana from behind!
You hit the iguana but do no damage.
The iguana bites you but does no damage.
The iguana bites you!
* * * LOW HITPOINT WARNING * * *
Your Spellcasting skill increases to level 2!
You take 17 damage, and have 17/61 hp.
MASSIVE DAMAGE!!
The iguana barely misses you.
Things that are here:
a +0 club; a +0 ring mail; an orc corpse You barely miss the iguana with your +0 hand axe of chaos.
The iguana is lightly wounded.
You hit the iguana with your +4 mace of protection.
The iguana bites you!
* * * LOW HITPOINT WARNING * * *
The iguana bites you but does no damage.
You take 13 damage, and have 4/61 hp.
MASSIVE DAMAGE!!
You feel better. The iguana barely misses you.
You regained 6 hp, and now have 10/61 hp.
You feel better. The iguana barely misses you. The iguana bites you.
* * * LOW HITPOINT WARNING * * *
You regained 2 hp, and now have 12/61 hp.
You hit the iguana with your +4 mace of protection.
The iguana is moderately wounded.
You hit the iguana but do no damage. The iguana bites you!
You die...

...........#
.....?.........###....##
.............## ##..##
.............# #..#
.............### ###.##
...............###....##
.......................#
.......l....#...........
.......@....####...####.
.......).....# #...# #.
.........)...###...# #.
..............#....###..
........................
........................
...............#........
........###..##....##.<#
.....# ##.. ..### ..#


You could see a neutral iguana (fast, strong, frenzied).

Vanquished Creatures
  Grinder (D:5)
  Sigmund (D:4)
  A sky beast (D:5)
  A black bear (D:5)
  An ogre (D:4)
  Blork the orc (D:4)
  2 scorpions (D:4)
  A howler monkey (D:4)
  A bombardier beetle (D:5)
  A crimson imp (D:4)
  An orc priest (D:5)
  4 hounds (D:5)
  An iguana (D:5)
  A jelly (D:4)
  2 orc wizards
  6 gnolls
  5 adders
  2 dart slugs
  7 orcs
  2 ball pythons
  8 endoplasms
  4 giant cockroaches
  8 goblins
  6 hobgoblins
  8 jackals
  5 kobolds
  6 quokkas
  5 bats
  2 frilled lizards
  A goblin zombie (D:4)
  2 hobgoblin zombies (D:4)
  2 kobold skeletons (D:4)
  A kobold zombie (D:4)
  An orc zombie (D:4)
  4 rats
105 creatures vanquished.

Vanquished Creatures (collateral kills)
  A jelly (D:4)
  A goblin skeleton (D:4)
2 creatures vanquished.

Grand Total: 107 creatures vanquished

Notes
Turn   | Place    | Note
-------+----------+-------------------------------------------
     0 | D:1      | ezpacito the Coglin Chaos Knight began the quest for the
                  | Orb.
     0 | D:1      | Reached XP level 1. HP: 18/18 MP: 1/1
     4 | D:1      | XOM: silly message
    64 | D:1      | XOM: snakes to sticks
   122 | D:1      | Reached skill level 1 in Dodging
   150 | D:1      | Found Honot's Vocational Training.
   180 | D:1      | Reached XP level 2. HP: 23/24 MP: 2/2
   294 | D:1      | XOM: fog
   331 | D:1      | XOM: scenery: summon butterflies
   573 | D:2      | Reached XP level 3. HP: 29/29 MP: 3/3
   628 | D:2      | XOM: god gift: scroll labelled TUD EBOBLUPIN {god gift}
  1068 | D:2      | XOM: divination: detect creatures
  1097 | D:2      | XOM: snakes to sticks
  1359 | D:2      | Reached skill level 1 in Polearms
  1362 | D:2      | XOM: divination: magic mapping
  1466 | D:3      | Reached XP level 4. HP: 35/35 MP: 4/4
  1569 | D:3      | XOM: cloud trail
  1753 | D:3      | Found a sparkling altar of Nemelex Xobeh.
  1758 | D:3      | Found a blossoming altar of Fedhas.
  1758 | D:3      | Found a radiant altar of Vehumet.
  1761 | D:3      | Found a burning altar of Makhleb.
  1963 | D:4      | Found a shadowy altar of Dithmenos.
  1971 | D:4      | Reached XP level 5. HP: 13/41 MP: 6/6
  2140 | D:4      | Reached skill level 1 in Spellcasting
  2140 | D:4      | Reached XP level 6. HP: 39/48 MP: 7/7
  2176 | D:4      | You fall into a shaft and drop 1 floor!
  2176 | D:5      | Entered Level 5 of the Dungeon
  2200 | D:5      | Reached skill level 1 in Stealth
  2253 | D:5      | Reached skill level 1 in Throwing
  2380 | D:4      | Found a glowing golden altar of the Shining One.
  2386 | D:4      | XOM: cast spell 'Summon Hydra'
  2388 | D:4      | Reached skill level 1 in Ranged Weapons
  2448 | D:4      | XOM: cloud trail
  2456 | D:4      | Noticed Sigmund
  2457 | D:4      | Reached XP level 7. HP: 40/54 MP: 8/8
  2460 | D:4      | XOM: summons friendly quasit
  2468 | D:4      | Killed Sigmund
  2563 | D:4      | XOM: 2-stop teleportation journey
  2563 | D:4      | Noticed Blork the orc
  2573 | D:4      | Killed Blork the orc
  2765 | D:4      | Found a shimmering blue altar of Sif Muna.
  2814 | D:4      | Reached skill level 1 in Evocations
  2934 | D:4      | XOM: cloud trail
  2940 | D:4      | XOM: scenery: create altars
  3342 | D:5      | Reached XP level 8. HP: 60/61 MP: 10/10
  3606 | D:5      | Noticed Grinder
  3606 | D:5      | XOM: enchant monster (good)
  3611 | D:5      | Paralysed by Grinder for 2 turns
  3627 | D:5      | Killed Grinder
  3694 | D:5      | Noticed Fodor's ghost (novice MiFi)
  3737 | D:5      | XOM: cleaving
  3746 | D:5      | Slain by an iguana

Illustrated notes

Levels and vault maps discovered:
D:1:      onia_arrival_pyramid, layout_rooms, nicolae_shop_vocational
D:2:      layout_basic, nrook_mini_vaults, nicolae_figureground_pulse
D:3:      layout_rooms, grunt_temple_overflow_open
D:4:      layout_basic, mainiacjoe_overflow_brackets,
          nicolae_tso_besieged_by_evil, nicolae_dithmenos_the_darkroom,
          serial_bayou, serial_bayou_lake_a, serial_bayou_ford_a,
          serial_bayou_lagoon_a, serial_bayou_shore_b, uniq_blork_the_orc,
          uniq_sigmund
D:5:      layout_layer_cave, nicolae_ashenzari_panopticon,
          gammafunk_ghost_split, serial_shops, nicolae_shop_just_a_little_nook,
          uniq_grinder

Skill      XL: |  1  2  3  4  5  6  7  8 |
---------------+-------------------------+-----
Dodging        | 1 2 3 |  3.4
Armour         | 2 3 |  3.8
Polearms       | 1 2 3 |  3.1
Spellcasting   | 1 2 |  2.0
Stealth        | 1 2 |  2.0
Throwing       | 1 2 |  2.1
Fighting       | 4 |  4.9
Ranged Weapons | 1 2 |  2.1
Axes           | 4 |  4.9
Evocations     | 1 |  1.9
Shapeshifting  | |  0.9

Action                     |  1- 3 |  4- 6 |  7- 9 || total
---------------------------+-------+-------+-------++-------
  Melee: Hand axe          |    78 |    81 |    98 ||   257
         Dagger            |    73 |    72 |    15 ||   160
         Mace              |       |       |    86 ||    86
    Use: Potion            |       |     1 |     2 ||     3
         Scroll            |       |     1 |       ||     1
   Stab: Sleeping          |       |     2 |     1 ||     3
         Confused          |       |     1 |     3 ||     4
         Distracted        |       |       |     1 ||     1
 Armour: Leather armour    |    50 |    43 |    35 ||   128
         Chain mail        |       |       |    68 ||    68
  Dodge: Dodged            |    47 |    47 |    45 ||   139

Table legend: (Time is in decaauts)
 A = Elapsed time spent in this place.
 B = Non-inter-level travel time spent in this place.
 C = Inter-level travel time spent in this place.
 D = Time resting spent in this place.
 E = Time spent auto-exploring this place.
 F = Levels seen in this place.
 G = Mean time per level.
                   A        B        C        D        E       F      G
               +--------+--------+--------+--------+--------+-----+--------+
         Total |   3797 |   3625 |    172 |     90 |   2800 |   5 |  759.4 |
       Dungeon |   3797 |   3625 |    172 |     90 |   2800 |   5 |  759.4 |
               +--------+--------+--------+--------+--------+-----+--------+

Top non-repeatable levels by time:
     D:4: 1321 daAuts
     D:2: 919 daAuts
     D:1: 545 daAuts
     D:5: 518 daAuts
     D:3: 493 daAuts
